 Dungeon Crawl Stone Soup version 0.28-a0-511-gcc94558de3 (webtiles) character file.

Game seed: 17919720178676587131

4 Armakuni the Skirmisher (level 1, -1/18 HPs)
             Began as a Human Monk on Sept 21, 2021.
             Slain by a ball python (2 damage)
             ... on level 1 of the Dungeon.
             The game lasted 00:01:15 (135 turns).

Armakuni the Skirmisher (Human Monk)                 Turns: 135, Time: 00:01:16

Health: -1/18      AC:  2    Str: 11    XL:     1   Next: 66%
Magic:  1/1        EV: 13    Int: 10    God:
Gold:   23         SH:  0    Dex: 15    Spells: 0/0 levels left

rFire   . . .      SeeInvis .   a - +0 mace
rCold   . . .      Faith    .   (no shield)
rNeg    . . .      Spirit   .   b - +0 robe
rPois   .          Reflect  .   (no helmet)
rElec   .          Harm     .   (no cloak)
rCorr   .          Rampage  .   (no gloves)
Will    .....                   (no boots)
Stlth   ++........              (no amulet)
HPRegen 0.06/turn               (no ring)
MPRegen 0.07/turn               (no ring)

@: no status effects
A: no striking features
a: no special abilities


You were on level 1 of the Dungeon.
You visited 1 branch of the dungeon, and saw 2 of its levels.

You collected 23 gold pieces.

Inventory:

Hand Weapons
 a - a +0 mace (weapon)
Missiles
 c - 5 boomerangs (quivered)
Armour
 b - a +0 robe (worn)


   Skills:
 + Level 3.3 Fighting
 - Level 3.0 Maces & Flails
 - Level 3.0 Dodging
 - Level 2.0 Stealth


You couldn't memorise any spells.
You didn't know any spells.
Your spell library was empty.

Dungeon Overview and Level Annotations

Branches:
Dungeon (2/15)

Altars:


Message History

The slug dart misses you.
Found a leather armour.
A goblin comes into view. It is wielding a +0 club.
The goblin shouts!
You hit the goblin.
The goblin is severely wounded.
The goblin misses you. The hobgoblin hits you.
You completely miss the goblin.
The goblin is severely wounded.
The goblin closely misses you. The hobgoblin closely misses you.
The goblin misses you.
You miss the goblin.
The goblin is severely wounded.
The hobgoblin closely misses you. The goblin closely misses you.
You hit the goblin.
You kill the goblin!
The hobgoblin closely misses you.
You sock the dart slug!
The dart slug is severely wounded.
The hobgoblin closely misses you. The dart slug barely misses you.
The hobgoblin closely misses you.
You hit the dart slug.
You kill the dart slug!
The hobgoblin closely misses you.
Things that are here:
a +0 club; a dart slug corpse; a goblin corpse
There is a stone staircase leading up here.
The hobgoblin hits you.
* * * LOW HITPOINT WARNING * * *
You climb upwards.
The jackal barely misses you. The jackal bites you.
* * * LOW HITPOINT WARNING * * *
The ball python barely misses you. x2; The jackal barely misses you.
There is a stone staircase leading down here.
You hit the ball python.
The ball python is moderately wounded.
The ball python barely misses you. The ball python closely misses you.
The jackal barely misses you. The hobgoblin hits you.
* * * LOW HITPOINT WARNING * * *
The ball python bites you.
You die...

#### #≈≈≈###
#≈≈≈≈## #≈≈≈≈##
######≈≈≈≈########
#@g....≈≈≈≈.......
#hS.....≈≈≈.......
#.......≈≈≈.......
#.......≈≈≈≈......
#.......≈≈≈≈......
#.......≈≈≈≈......
#........≈≈≈......
#........≈≈≈......
#<.......≈≈≈≈.....


You could see a jackal, a hobgoblin and a ball python.

Vanquished Creatures
  A dart slug (D:2)
  A goblin (D:2)
2 creatures vanquished.

Notes
Turn   | Place    | Note
-------+----------+-------------------------------------------
     0 | D:1      | Armakuni the Human Monk began the quest for the Orb.
     0 | D:1      | Reached XP level 1. HP: 18/18 MP: 1/1
   135 | D:1      | Slain by a ball python

Illustrated notes

Levels and vault maps discovered:
D:1:      lemuel_arrival_river_ford, layout_rooms,
          dreamdust_ecumenical_altar_hidden_monk_grotto, st_stairs_10
D:2:      layout_loops_ring, minmay_tiny_reverse_x

Action                   || total
-------------------------++-------
Melee: Mace              ||    11
Armor: Robe              ||     3
Dodge: Dodged            ||    25

Table legend: (Time is in decaauts)
 A = Elapsed time spent in this place.
 B = Non-inter-level travel time spent in this place.
 C = Inter-level travel time spent in this place.
 D = Time resting spent in this place.
 E = Time spent auto-exploring this place.
 F = Levels seen in this place.
 G = Mean time per level.
                   A        B        C        D        E       F      G
               +--------+--------+--------+--------+--------+-----+--------+
         Total |    143 |    143 |      0 |      0 |     23 |   2 |   71.5 |
       Dungeon |    143 |    143 |      0 |      0 |     23 |   2 |   71.5 |
               +--------+--------+--------+--------+--------+-----+--------+

Top non-repeatable levels by time:
     D:2: 76 daAuts
     D:1: 66 daAuts
